 Dungeon Crawl Stone Soup version 0.31-a0-188-g5e087ee2ca (webtiles) character file.

Game seed: 7245914474074822015

2914 qw the Markself (level 9, -2/51 HPs)
             Began as a Deep Elf Hunter on June 23, 2023.
             Was a Follower of Okawaru.
             Succumbed to a green ugly thing's poison
             ... on level 8 of the Dungeon.
             The game lasted 00:02:45 (7652 turns).

qw the Markself (Deep Elf Hunter)                   Turns: 7652, Time: 00:02:45

Health: -2/51      AC: 14    Str: 16    XL:     9   Next: 50%
Magic:  10/12      EV: 19    Int: 15    God:    Okawaru [*.....]
Gold:   117        SH:  0    Dex: 20    Spells: 8/8 levels left

rFire   . . .        j - +0 orcbow (heavy)
rCold   + . .        (shield currently unavailable)
rNeg    . . .        s - +0 acid dragon scales
rPois   .            (no helmet)
rElec   .            m - +0 cloak
rCorr   +            c - +2 pair of gloves
SInv    .            e - +1 pair of boots
Will    .....        r - amulet of regeneration
Stlth   +++          k - ring of protection from cold
HPRegen 1.08/turn    p - +6 ring of strength
MPRegen 0.13/turn

%: no passive effects
@: lethally poisoned (-2 -> -55), about to teleport, heroic
A: no striking features
a: Renounce Religion, Heroism


You were on level 8 of the Dungeon.
You worshipped Okawaru.
Okawaru was aware of your devotion.
You visited 2 branches of the dungeon, and saw 9 of its levels.

You collected 512 gold pieces.
You spent 395 gold pieces at shops.


   Skills:
 - Level 3.5(8.5) Fighting
 - Level 15.1(20.1) Ranged Weapons
 - Level 2.2(7.2) Armour
 + Level 5.9(10.9) Dodging
 - Level 1.2(6.2) Stealth
 + Level 2.1 Invocations


You had 8 spell levels left.
You didn't know any spells.
Your spell library was empty.

Inventory:

Hand Weapons
 j - a +0 heavy orcbow (weapon)
Armour
 c - a +2 pair of gloves (worn)
 e - a +1 pair of boots (worn)
 m - a +0 cloak (worn)
 s - +0 acid dragon scales (worn)
Jewellery
 k - a ring of protection from cold (left hand)
 p - a +6 ring of strength (right hand)
 r - an amulet of regeneration (around neck)
Scrolls
 a - 3 scrolls of identify
 i - 2 scrolls of teleportation
Potions
 b - a potion of mutation
 d - a potion of haste
 f - 7 potions of curing
 g - 4 potions of resistance
 h - 2 potions of heal wounds
 n - a potion of magic
 o - a potion of cancellation
 q - a potion of enlightenment

Dungeon Overview and Level Annotations

Branches:
Dungeon (8/15)             Temple (1/1) D:6
   Lair: D:8-11

Altars:
Ashenzari
Cheibriados
Dithmenos
Elyvilon
Fedhas
Gozag
Hepliaklqana
Kikubaaqudgha
Makhleb
Nemelex Xobeh
Okawaru
Qazlal
Ru
Sif Muna
Trog
Uskayaw
Vehumet
Wu Jian
Yredelemnul
Zin

Shops:
D:2 *   D:4 (   D:7 *

Annotations:
D:4 3 runed translucent doors, qw's ghost, amateur DEHu


Message History

The orc hits you but does no damage.
You shoot an arrow. The arrow hits the orc!
You kill the orc!
Okawaru accepts your kill.
You shoot an arrow. The arrow hits the green ugly thing!
The green ugly thing is heavily wounded.
The green ugly thing tail-slaps you.
You are poisoned.
The green ugly thing poisons you!
You shoot an arrow.
The arrow barely misses the green ugly thing.
You feel extremely sick.
You hear a shout!
The green ugly thing closely misses you.
An orc comes into view. It is wielding a +0 dagger.
The green ugly thing tail-slaps you.
You are more poisoned.
The green ugly thing poisons you!
You shoot an arrow. The arrow hits the green ugly thing!
The green ugly thing is severely wounded.
You feel extremely sick.
An orc wizard comes into view. It is wielding a +0 dagger.
The green ugly thing tail-slaps you.
The orc wizard mumbles some strange words.
The orc wizard flickers and vanishes!
Deactivating autopickup; reactivate with Ctrl-A.
7650 ||| INVOKING Heroism.
You gain the combat prowess of a mighty hero.
You feel extremely sick. The green ugly thing misses you.
The orc hits you but does no damage.
You shoot an arrow.
The arrow closely misses the green ugly thing.
You feel extremely sick. The green ugly thing tail-slaps you.
You are more poisoned.
The green ugly thing poisons you! The orc barely misses you.
7652 ||| READING 3 scrolls of teleportation.
As you read the scroll of teleportation, it crumbles to dust.
You feel strangely unstable.
You die...

..)...# ......## ...$...
.......## .......
........# ......#
........## .....#
.........## .....#
..........## ....#
...........## ##u..#
.......###..####@o..#
......## ##...#.....##
....### #.............
.#..## #...............
#.#..###..........######
#..#..#.............#
##..#...............#
####.#.#.#.#.....).##
#.#.#.#.####.....###


You could see a green ugly thing and an orc.

Vanquished Creatures
  A steam dragon (D:8)
  Duvessa (D:6)
  2 water moccasins
  An acid dragon (D:7)
  An ice beast (D:7)
  A sky beast (D:7)
  2 orc warriors
  2 black bears (D:5)
  A centaur (D:6)
  3 ogres
  Blork the orc (D:6)
  2 bullfrogs
  6 scorpions
  Dowan (D:6)
  A howler monkey (D:7)
  3 bullfrog zombies (D:5)
  2 centaur zombies (D:5)
  3 hounds
  An iron imp (D:3)
  2 sleepcaps
  A gnoll bouda (D:8)
  Natasha (thrice) (D:2)
  2 iguanas
  4 orc wizards
  A hound zombie (D:5)
  5 gnolls (D:8)
  4 adders
  A shadow imp (D:7)
  2 white imps (D:6)
  5 worms
  2 dart slugs
  26 orcs
  6 endoplasms
  4 giant cockroaches
  13 goblins
  6 hobgoblins
  5 jackals
  8 kobolds
  3 quokkas
  9 ball pythons
  2 bats (D:1)
  A frilled lizard (D:1)
  5 rats
155 creatures vanquished.

Notes
Turn   | Place    | Note
-------+----------+-------------------------------------------
     0 | D:1      | qw the Deep Elf Hunter began the quest for the Orb.
     0 | D:1      | Reached XP level 1. HP: 12/12 MP: 3/3
     0 | D:1      | 0 ||| qw: Version: 0.3-a-9-g12657ce
     0 | D:1      | 0 ||| qw: Game counter: 3554
     0 | D:1      | 0 ||| qw: Always use a shield: true
     0 | D:1      | 0 ||| qw: God list: Okawaru
     0 | D:1      | 0 ||| qw: Allow faded altars: false
     0 | D:1      | 0 ||| qw: Do Orc after D:15 true
     0 | D:1      | 0 ||| qw: Do second Lair branch before Depths: true
     0 | D:1      | 0 ||| qw: Lair rune preference: random
     0 | D:1      | 0 ||| qw: Plans: Normal
     0 | D:1      | 0 ||| PLANNING D:1-11
     1 | D:1      | Noticed an electric eel
   106 | D:1      | Reached XP level 2. HP: 16/16 MP: 4/4
   157 | D:1      | Reached skill level 6 in Ranged Weapons
   724 | D:1      | 724 ||| UPGRADING to +0 pair of gloves.
   729 | D:1      | 729 ||| UPGRADING to +0 pair of boots.
   734 | D:1      | 734 ||| UPGRADING to ring of protection from cold.
   735 | D:1      | 735 ||| READING scroll labelled FIRA ROCOUTINO.
   736 | D:1      | 736 ||| READING 2 scrolls labelled HUREUVOCS DIPYS.
   737 | D:1      | 737 ||| READING scroll labelled SYNEAT TOAP.
   738 | D:1      | 738 ||| DROPPING scroll of butterflies.
   739 | D:1      | 739 ||| DROPPING scroll of poison.
   741 | D:1      | 741 ||| Stepping ~*~*~tactically~*~*~ (cloud).
   746 | D:1      | HP: 4/16 [poisoned by you (poison gas)]
   966 | D:2      | Reached XP level 3. HP: 20/20 MP: 5/5
  1005 | D:2      | Noticed Natasha
  1011 | D:2      | Killed Natasha
  1012 | D:2      | Reached skill level 7 in Ranged Weapons
  1179 | D:2      | Reached XP level 4. HP: 25/25 MP: 6/6
  1378 | D:2      | Noticed Natasha
  1388 | D:2      | HP: 6/25 [Natasha/magic dart (9)]
  1389 | D:2      | Killed Natasha
  1390 | D:2      | Reached skill level 8 in Ranged Weapons
  1774 | D:2      | Found Saritoo's Assorted Antiques.
  1779 | D:2      | 1779 ||| BUYING bubbling cyan potion (22 gold).
  1779 | D:2      | Bought a bubbling cyan potion for 22 gold pieces
  1779 | D:2      | 1779 ||| SHOPLISTING lead wand (100 gold, have 89).
  1779 | D:2      | 1779 ||| BUYING scroll labelled ENUES CUOWK (25 gold).
  1779 | D:2      | Bought a scroll labelled ENUES CUOWK for 25 gold pieces
  1779 | D:2      | 1779 ||| BUYING scroll labelled JISOFYG ZEASHO (25 gold).
  1779 | D:2      | Bought a scroll labelled JISOFYG ZEASHO for 25 gold pieces
  1779 | D:2      | 1779 ||| BUYING scroll labelled REFUCZYRASM (25 gold).
  1779 | D:2      | Bought a scroll labelled REFUCZYRASM for 25 gold pieces
  1779 | D:2      | 1779 ||| SHOPLISTING scroll labelled VETIJYNNE ABEH (25
                  | gold, have 14).
  1779 | D:2      | 1779 ||| SHOPLISTING wooden wand (100 gold, have 14).
  1816 | D:2      | Noticed Natasha
  1825 | D:2      | Killed Natasha
  1826 | D:2      | Reached XP level 5. HP: 18/29 MP: 7/7
  2148 | D:2      | 2148 ||| UPGRADING to +0 scale mail.
  2158 | D:2      | 2158 ||| DROPPING +0 leather armour.
  2159 | D:2      | 2159 ||| UPGRADING to +0 ring mail.
  2169 | D:2      | 2169 ||| DROPPING +0 scale mail.
  2170 | D:2      | 2170 ||| UPGRADING to +0 cloak.
  2175 | D:2      | 2175 ||| READING scroll labelled VUV GUBEAPUR.
  2176 | D:2      | 2176 ||| READING scroll labelled ENUES CUOWK.
  2177 | D:2      | 2177 ||| READING scroll labelled JISOFYG ZEASHO.
  2278 | D:2      | 2278 ||| READING scroll labelled REFUCZYRASM.
  2279 | D:2      | 2279 ||| READING scroll labelled HUEPRI RATZOF.
  2284 | D:2      | 2284 ||| DRINKING 2 bubbling black potions.
  2336 | D:3      | 2336 ||| STAIRDANCE
  2516 | D:3      | Reached skill level 1 in Armour
  2538 | D:3      | Found a blossoming altar of Fedhas.
  2743 | D:3      | Found a snail-covered altar of Cheibriados.
  3197 | D:3      | 3197 ||| READING scroll labelled LONKAR IROCWYS.
  3198 | D:3      | 3198 ||| READING scroll labelled YDDO MODUSA.
  3216 | D:4      | Found a runed translucent gate.
  3216 | D:4      | Found a runed translucent gate.
  3219 | D:4      | Found a runed translucent gate.
  3243 | D:4      | Noticed an ice beast
  3271 | D:4      | Reached skill level 9 in Ranged Weapons
  3271 | D:4      | Reached XP level 6. HP: 31/34 MP: 8/8
  3405 | D:4      | Found a bloodstained altar of Trog.
  3654 | D:4      | Found Novoimn's Antique Weapon Boutique.
  3657 | D:4      | 3657 ||| BUYING orcbow (91 gold).
  3657 | D:4      | Bought an orcbow for 91 gold pieces
  3657 | D:4      | 3657 ||| SWAPPING to +0 orcbow.
  3658 | D:4      | 3658 ||| DROPPING +1 shortbow.
  3697 | D:4      | 3697 ||| FLEEEEING.
  3699 | D:4      | 3699 ||| FLEEEEING.
  3841 | D:4      | Found a broken altar of Ashenzari.
  4272 | D:4      | Noticed qw's ghost (amateur DEHu)
  4296 | D:4      | 4296 ||| UPGRADING to amulet of regeneration.
  4301 | D:4      | 4301 ||| UPGRADING to +6 ring of strength.
  4302 | D:4      | 4302 ||| READING scroll labelled VALADD ZYTIOCE.
  4303 | D:4      | 4303 ||| DRINKING 2 ruby potions.
  4304 | D:4      | 4304 ||| DRINKING 2 sapphire potions.
  4305 | D:4      | 4305 ||| READING 5 scrolls of identify.
  4305 | D:4      | 4305 ||| IDENTIFYING fizzy purple potion
  4306 | D:4      | 4306 ||| READING 4 scrolls of identify.
  4306 | D:4      | 4306 ||| IDENTIFYING viscous clear potion
  4307 | D:4      | 4307 ||| READING 3 scrolls of identify.
  4307 | D:4      | 4307 ||| IDENTIFYING lumpy clear potion
  4308 | D:4      | 4308 ||| READING 2 scrolls of identify.
  4308 | D:4      | 4308 ||| IDENTIFYING fizzy inky potion
  4309 | D:4      | 4309 ||| DROPPING potion of attraction.
  4310 | D:4      | 4310 ||| DROPPING potion of degeneration.
  4311 | D:4      | 4311 ||| DROPPING potion of invisibility.
  4331 | D:5      | Entered Level 5 of the Dungeon
  4594 | D:5      | Reached skill level 3 in Dodging
  4616 | D:5      | Reached skill level 10 in Ranged Weapons
  4616 | D:5      | Reached XP level 7. HP: 40/40 MP: 9/9
  4883 | D:5      | Reached skill level 11 in Ranged Weapons
  4922 | D:5      | Found a basalt altar of Yredelemnul.
  4960 | D:5      | Reached skill level 12 in Ranged Weapons
  4960 | D:5      | Reached XP level 8. HP: 44/44 MP: 10/10
  5054 | D:5      | Found an ornate altar of the Wu Jian Council.
  5097 | D:5      | 5097 ||| UPGRADING to +2 pair of gloves.
  5107 | D:5      | 5107 ||| DROPPING +0 pair of gloves.
  5108 | D:5      | 5108 ||| READING scroll labelled POECEI COVU.
  5135 | D:6      | Reached skill level 3 in Fighting
  5186 | D:6      | Found a stormy altar of Qazlal.
  5302 | D:6      | Found a radiant altar of Vehumet.
  5303 | D:6      | Identified the staff of the Final Chapter {rElec rPois rF-
                  | rCorr Dex+3 Earth}
  5330 | D:6      | Found a staircase to the Ecumenical Temple.
  5331 | D:6      | 5331 ||| PLANNING TEMPLE
  5336 | D:6      | Noticed Blork the orc
  5343 | D:6      | Killed Blork the orc
  5344 | D:6      | Reached skill level 13 in Ranged Weapons
  5361 | Temple   | Entered the Ecumenical Temple
  5401 | Temple   | 5401 ||| PLANNING OKAWARU WORSHIP
  5475 | Temple   | Became a worshipper of Warmaster Okawaru
  5476 | Temple   | 5476 ||| PLANNING D:1-11
  5584 | D:6      | Noticed Duvessa
  5591 | D:6      | Noticed Dowan
  5593 | D:6      | Killed Duvessa
  5599 | D:6      | Killed Dowan
  5703 | D:6      | Reached skill level 14 in Ranged Weapons
  5720 | D:6      | Found an ancient bone altar of Kikubaaqudgha.
  5796 | D:6      | Reached XP level 9. HP: 51/51 MP: 11/11
  6409 | D:6      | 6409 ||| READING scroll labelled QOSHUPRIMUS.
  6410 | D:6      | 6410 ||| READING scroll labelled NUOCOX TIO.
  6411 | D:6      | 6411 ||| DRINKING 2 bubbling cyan potions.
  6412 | D:6      | 6412 ||| DRINKING 2 cyan potions.
  6454 | D:7      | Reached * piety under Okawaru
  6554 | D:7      | 6554 ||| INVOKING Heroism.
  6555 | D:7      | 6555 ||| Stepping ~*~*~tactically~*~*~ (outnumbered).
  6564 | D:7      | 6564 ||| INVOKING Heroism.
  6698 | D:7      | Reached skill level 15 in Ranged Weapons
  6945 | D:7      | Found Sonaen's Assorted Antiques.
  6957 | D:7      | 6957 ||| BUYING 2 potions of curing (114 gold).
  6957 | D:7      | Bought 2 potions of curing for 114 gold pieces
  6957 | D:7      | 6957 ||| BUYING coppery potion (17 gold).
  6957 | D:7      | Bought a coppery potion for 17 gold pieces
  6957 | D:7      | 6957 ||| BUYING scroll of identify (38 gold).
  6957 | D:7      | Bought a scroll of identify for 38 gold pieces
  6957 | D:7      | 6957 ||| BUYING scroll of identify (38 gold).
  6957 | D:7      | Bought a scroll of identify for 38 gold pieces
  7048 | D:7      | Found a burning altar of Makhleb.
  7051 | D:7      | Noticed an Executioner
  7052 | D:7      | Found a glowing silver altar of Zin.
  7053 | D:7      | Noticed an angel
  7147 | D:7      | Reached skill level 1 in Invocations
  7195 | D:7      | 7195 ||| READING scroll of enchant armour.
  7195 | D:7      | 7195 ||| ENCHANTING +0 pair of boots.
  7396 | D:7      | 7396 ||| UPGRADING to +0 acid dragon scales.
  7406 | D:7      | 7406 ||| DROPPING +0 ring mail.
  7407 | D:7      | 7407 ||| DRINKING 2 silvery potions.
  7408 | D:7      | 7408 ||| READING 5 scrolls of identify.
  7408 | D:7      | 7408 ||| IDENTIFYING red potion
  7409 | D:7      | 7409 ||| READING 4 scrolls of identify.
  7409 | D:7      | 7409 ||| IDENTIFYING coppery potion
  7410 | D:7      | 7410 ||| DROPPING potion of ambrosia.
  7471 | D:8      | 7471 ||| INVOKING Heroism.
  7502 | D:8      | 7502 ||| INVOKING Heroism.
  7503 | D:8      | 7503 ||| Stepping ~*~*~tactically~*~*~ (cloud).
  7513 | D:8      | HP: 11/51 [steam dragon (5)]
  7514 | D:8      | 7514 ||| READING 4 scrolls of teleportation.
  7640 | D:8      | Noticed a green ugly thing
  7650 | D:8      | 7650 ||| INVOKING Heroism.
  7651 | D:8      | HP: 12/51 [poisoned by a green ugly thing]
  7652 | D:8      | 7652 ||| READING 3 scrolls of teleportation.
  7652 | D:8      | Succumbed to a green ugly thing's poison

Levels and vault maps discovered:
D:1:      arrival_aquarium_a, layout_basic, chequers_mini_garden
D:2:      layout_basic, serial_shops, nicolae_shop_just_a_little_nook,
          serial_corexii_hall, corexii_hall_statues_l,
          chequers_hall_statues_corner_a, corexii_hall_statues_u,
          corexii_hall_statues_l, serial_bayou_crossing, uniq_natasha
D:3:      layout_basic, lemuel_round_altar, slow_altar_2, st_stairs_5,
          minmay_circle_x
D:4:      minmay_door_path, layout_basic, mainiacjoe_overflow_small_starburst,
          marbit_many_paths, gammafunk_ghost_icy, serial_shops, kennysheep_mini
D:5:      black_bear_nest_1, layout_gridville, nzn_wu_jian_council_hall,
          nicolae_yredelemnul_corpse_copse
D:6:      layout_layer_cave, nicolae_overflow_crystal_walls,
          amcnicky_altar_gilded, mainiacjoe_overflow_24_doors,
          minmay_temple_entry_large_hall, roderic_lattice_a, uniq_duvessa,
          uniq_blork_the_orc
D:7:      layout_basic, grunt_temple_overflow_order_and_chaos_2, serial_shops,
          shop, kennysheep_generic_room_16
D:8:      layout_cave_pods, mainiacjoe_overflow_tiny_flanked,
          hangedman_abyss_or_decor_slice
Temple:   kb_temple_of_zot

Skill      XL: |  1  2  3  4  5  6  7  8  9 |
---------------+----------------------------+-----
Ranged Weapons | 6 7 8 9 10 12 14 15 | 15.1
Armour         | 1 2 |  2.2
Fighting       | 2 3 |  3.5
Dodging        | 3 4 5 |  5.9
Invocations    | 2 |  2.1
Stealth        | |  1.2

Action                     |  1- 3 |  4- 6 |  7- 9 || total
---------------------------+-------+-------+-------++-------
   Fire: Shortbow          |    67 |   163 |       ||   230
         Orcbow            |       |    54 |   230 ||   284
 Invoke: Heroism           |       |       |     5 ||     5
    Use: Scroll            |     3 |    12 |     8 ||    23
         Potion            |       |     3 |     3 ||     6
 Armour: Leather armour    |     1 |    10 |       ||    11
         Ring mail         |       |    17 |    42 ||    59
         Acid dragon scale |       |       |     5 ||     5
  Dodge: Dodged            |    11 |    46 |    52 ||   109

Table legend:
 A = Non-vault XP
 B = Vault XP
 C = Vault XP percentage of total XP
 D = Non-vault monster count
 E = Vault monster count
 F = Vault count percentage of total count
                 A         B        C        D         E       F
            +---------+---------+-------+---------+---------+-------
      Total |    3221 |     942 |  22.6 |     130 |      25 |  16.1
            +---------+---------+-------+---------+---------+-------
        D:1 |      30 |       0 |   0.0 |      16 |       0 |   0.0
        D:2 |     151 |      36 |  19.3 |      31 |       1 |   3.1
        D:3 |      24 |      52 |  68.4 |       7 |       7 |  50.0
        D:4 |     211 |      15 |   6.6 |      18 |       6 |  25.0
        D:5 |     536 |     385 |  41.8 |       7 |       7 |  50.0
        D:6 |    1174 |     321 |  21.5 |      30 |       3 |   9.1
        D:7 |     795 |     133 |  14.3 |      12 |       1 |   7.7
        D:8 |     300 |       0 |   0.0 |       9 |       0 |   0.0
            +---------+---------+-------+---------+---------+-------
